[Event "Live Chess"]
[Site "Chess.com"]
[Date "2024.06.01"]
[Round "-"]
[White "Andorranarmy"]
[Black "gmnorfolk"]
[Result "0-1"]
[WhiteElo "2001"]
[BlackElo "2109"]
[TimeControl "300"]
[EndTime "14:47:09 PDT"]
[Termination "gmnorfolk won by checkmate"]

1. e4 c5 2. Nc3 Nc6 3. Nf3 g6 4. d4 cxd4 5. Nxd4 Bg7 6. Be3 Nf6 7. f3 O-O 8. Qd2 d5 9. O-O-O e5 10. Nxc6 bxc6 11. exd5 cxd5 12. Nxd5 Nxd5 13. Qxd5 Qc7 14. Bc5 Be6 15. Qd6 Qa5 16. a3 Rfd8 17. Qc6 Bh6+ 18.
Kb1 Rxd1# 0-1

[Event "Live Chess"]
[Site "Chess.com"]
[Date "2024.06.01"]
[Round "-"]
[White "peteopeteo"]
[Black "gobbles19"]
[Result "0-1"]
[WhiteElo "1574"]
[BlackElo "2274"]
[TimeControl "300"]
[EndTime "14:47:26 PDT"]
[Termination "gobbles19 won by resignation"]

1. e4 Nf6 2. Nc3 d6 3. Nf3 g6 4. d4 Bg7 5. Bd3 O-O 6. Be3 Na6 7. a3 Ng4 8. Bd2 c5 9. Ne2 cxd4 10. Nfxd4 Nc5 11.
O-O Nxd3 12. cxd3 Bd7 13. h3 Ne5 14. Be3 Rc8 15. Rc1 a6 16. Nc3 Nc6 17. Nxc6 Bxc6 18. d4 Kh8 19. d5 Bd7 20. Ne2 Bb5 21. Nd4 Bxf1 22. Kxf1 Rxc1 23. Qxc1 Qd7 24. Qd1 Rc8 25. Nf3 Qb5+ 26. Kg1 Qxb2 27. Ng5 Kg8 28. Qf3 Qf6 29.
Qg4 Rc2 30. Qh4 h6 31. Nf3 Qxh4 32. Nxh4 Ra2 33. Nf3 Rxa3 34. Bc1 Ra1 0-1

[Event "Live Chess"]
[Site "Chess.com"]
[Date "2024.06.01"]
[Round "-"]
[White "CheckThis4"]
[Black "WelshTiger"]
[Result "1-0"]
[WhiteElo "2681"]
[BlackElo "2512"]
[TimeControl "300"]
[EndTime "14:47:36 PDT"]
[Termination "CheckThis4 won by resignation"]

1. d4 d5 2. Nf3 Nf6 3. c4 dxc4 4.
e3 Bg4 5. Bxc4 e6 6. Nbd2 Nbd7 7. h3 Bh5 8. g4 Bg6 9. Nh4 Be7 10. Nxg6 hxg6 11. b3 c5 12. Bb2 a6 13. g5 Nd5 14.
Bxd5 exd5 15. dxc5 Nxc5 16. Bxg7 Rh7 17. Bd4 Ne6 18.
Nf3 Bxg5 19. Rc1 Rc8 20. Nxg5 Nxg5 21. Ke2 Rxc1 22. Qxc1 Rxh3 23. Rxh3 Nxh3 24. Qh1 Qd7 25. Qg2 Qf5 26. f4 g5 27. Kd2 gxf4 28. Qg8+ Kd7 29. Qb8 fxe3+ 30. Bxe3 Kc6 31. Qa7 Qc8 32. Qc5+ Kd7 33.
Qxd5+ Ke8 34. Qe5+ Qe6 35. Qb8+ Ke7 36. Qxb7+ Kf8 37.
Qb8+ Qe8 38. Bc5+ Kg7 39. Qxe8 1-0

[Event "Live Chess"]
[Site "Chess.com"]
[Date "2024.06.01"]
[Round "-"]
[White "FlyingChessKestrel13"]
[Black "NAZRIZ1977"]
[Result "1-0"]
[WhiteElo "2068"]
[BlackElo "2139"]
[TimeControl "300"]
[EndTime "14:47:39 PDT"]
[Termination "FlyingChessKestrel13 won by resignation"]

1. e4 c5 2. Nf3 d6 3. Bb5+ Bd7 4. c4 g6 5. O-O Bg7 6. Nc3 Nf6 7. d4 cxd4 8. Nxd4 O-O 9. Be3 Ng4 10.
Bg5 Nc6 11. Nxc6 bxc6 12. Bxc6 Nxf2 13. Rxf2 Bxc6 14. Be3 Bxc3 15. bxc3 Bxe4 16. Bh6 Re8 17. Qd4 1-0

[Event "Live Chess"]
[Site "Chess.com"]
[Date "2024.06.01"]
[Round "-"]
[White "Tushinskiy"]
[Black "Mangoalo"]
[Result "1-0"]
[WhiteElo "2251"]
[BlackElo "1064"]
[TimeControl "300"]
[EndTime "14:47:50 PDT"]
[Termination "Tushinskiy won by resignation"]

1. d4 Nf6 2. c3 g6 3. Nf3 Bg7 4. Bf4 Nc6 5. Bg3 d5 6. Nbd2 Bg4 7. e3 Bxf3 8. gxf3 O-O 9. Qb3 e6 10.
h4 b6 11. Bd3 Nh5 12. Qa4 Na5 13. b4 Nc4 14. Nxc4 dxc4 15. Bxc4 Re8 16. Ke2 a5 17. b5 Qf6 18. Qc2 Nxg3+ 19. fxg3 Bh6 20. f4 Rad8 21. Raf1 Rd6 22. g4 Bg7 23. g5 Qe7 24. h5 e5 25. dxe5 Rdd8 26. hxg6 hxg6 27. Qxg6 1-0

[Event "Live Chess"]
[Site "Chess.com"]
[Date "2024.06.01"]
[Round "-"]
[White "blunderabit"]
[Black "ACM42"]
[Result "0-1"]
[WhiteElo "1801"]
[BlackElo "2183"]
[TimeControl "300"]
[EndTime "14:48:07 PDT"]
[Termination "ACM42 won on time"]

1. e4 e6 2. d4 d5 3. Bd3 Nf6 4. e5 Nfd7 5. f4 c5 6. c3 Nc6 7. Nf3 Qb6 8. dxc5 Bxc5 9. Qe2 a5 10. Nbd2 a4 11. b4 axb3 12. Nxb3 Na5 13. Nxc5 Nxc5 14. Bb5+ Bd7 15. Rb1 Qc7 16. O-O O-O 17. Ba3 Nc4 18.
Bxc4 Rxa3 19. Bb3 Ne4 20. c4 Qc5+ 21. Kh1 Nc3 22. Qd3 Nxb1 23. Ng5 g6 24. Qh3 h5 25. Rxb1 dxc4 26. Ne4 Qb5 27. Nf6+ Kg7 28. Nxh5+ gxh5 29. Qg3+ Kh7 30. Bc2+ Kh8 31. Qxa3 Qxb1+ 32. Bxb1 Rc8 33.
Qh3 Kg7 34. Qxh5 Kf8 35. Qh8+ Ke7 36. Qf6+ Ke8 37. Bc2 c3 0-1

[Event "Live Chess"]
[Site "Chess.com"]
[Date "2024.06.01"]
[Round "-"]
[White "Inglaterra"]
[Black "CCGoodKnightRookie"]
[Result "1/2-1/2"]
[WhiteElo "2049"]
[BlackElo "2365"]
[TimeControl "300"]
[EndTime "14:48:19 PDT"]
[Termination "Game drawn by repetition"]

1. c4 c5 2. Nf3 Nc6 3. g3 Nf6 4.
Bg2 e6 5. O-O d5 6. cxd5 exd5 7.
d4 cxd4 8. Nxd4 Bc5 9. Nb3 Bb6 10. Bg5 O-O 11. Nc3 d4 12. Nd5 Re8 13. Bxf6 gxf6 14. Nxb6 axb6 15. Bxc6 bxc6 16. Nxd4 c5 17. Nf3 Qxd1 18.
Rfxd1 Rxe2 19. Rd8+ Kg7 20. b3 Bb7 21. Rxa8 Bxa8 22.
Nh4 Be4 23. Ng2 b5 24. Rc1 Rxa2 25. Nf4 c4 26. bxc4 bxc4 27. f3 Bd3 28. Nxd3 cxd3 29. Rd1 Ra3 30. Kf2 Ra2+ 31. Kg1 Ra3 32. Kf2 f5 33. Rd2 Kf6 34. f4 h5 35. Ke3 Ra1 36. Rxd3 h4 37. Kf3 h3 38. g4 Rg1 39. gxf5 Rg2 40. Rd6+ Kxf5 41. Rh6 Rxh2 42. Rh5+ Kg6 43. Rg5+ Kf6 44. Rh5 Rh1 45. Kg3 Rg1+ 46. Kf3 Rf1+ 47.
Kg3 Ra1 48. Rxh3 Ra3+ 49. Kg4 Ra4 50. Rh6+ Kg7 51. Rb6 Ra5 52. Rc6 f6 53. Rb6 Kg6 54. Rc6 Rb5 55. Ra6 Rc5 56. Rb6 Rc7 57. Ra6 Kf7 58. Rb6 Ke7 59. Kf5 Rc5+ 60. Kg4 Rd5 61.
Ra6 Rb5 62. Rc6 Rb1 63. Ra6 Rh1 64. Kf5 Rh5+ 65. Kg4 Rh8 66. Kf5 Rb8 67. Ra7+ Kf8 68. Kxf6 Rb6+ 69. Kg5 Rb5+ 70. f5 Kg8 71. Kg6 Rb8 72.
f6 Kh8 73. Rh7+ Kg8 74. Rg7+ Kf8 75. Rh7 Kg8 76. Rg7+ Kh8 77. Rh7+ Kg8 1/2-1/2

[Event "Live Chess"]
[Site "Chess.com"]
[Date "2024.06.01"]
[Round "-"]
[White "Dhaydon19"]
[Black "Crowded_House"]
[Result "1/2-1/2"]
[WhiteElo "2675"]
[BlackElo "1740"]
[TimeControl "300"]
[EndTime "14:48:29 PDT"]
[Termination "Game drawn - insufficient material"]

1. d4 e6 2. Nf3 d5 3. g3 Bd6 4. Bg2 Nf6 5. O-O c6 6. c3 O-O 7. Qc2 Nbd7 8. Nbd2 b6 9. e4 dxe4 10. Nxe4 Nxe4 11. Qxe4 Bb7 12. Ng5 Nf6 13. Qh4 h6 14.
Ne4 Nxe4 15. Qxe4 Qf6 16. a4 Rfb8 17. Qe2 c5 18. Bxb7 Rxb7 19. Qe4 Rbb8 20. Be3 cxd4 21.
Bxd4 Qe7 22. Rfe1 Bc5 23. Be5 Rd8 24. Rad1 Rxd1 25. Rxd1 Rd8 26. Rxd8+ Qxd8 27. Qg4 Qg5 28. Qxg5 hxg5 29. b4 Be7 30. b5 Bf6 31. Bb8 Bxc3 32. Bxa7 Ba5 33. Kf1 Kf8 34. Ke2 Ke7 35. Bb8 f6 36. g4 e5 37. Ke3 Ke6 38. Ke4 g6 39. f3 f5+ 40. Kd3 Kd5 41. Bc7 e4+ 42.
fxe4+ fxe4+ 43. Ke3 Kc4 44. Bd8 Kb4 45. Bxg5 Kxa4 46.
Kxe4 Kxb5 47. Bf6 Kc6 48. h4 Bd2 49. Ke5 Kd7 50. Kd5 b5 51. Bg7 b4 52. Bb2 Bc3 53. Bc1 b3 54. h5 gxh5 55. gxh5 b2 56. Bxb2 Bxb2 57. h6 Bh8 58. h7 Ba1 59. Ke4 Ke8 60. Kf5 Kf7 61. h8=Q Bxh8 1/2-1/2

[Event "Live Chess"]
[Site "Chess.com"]
[Date "2024.06.01"]
[Round "-"]
[White "jimwad"]
[Black "LL220284LL"]
[Result "0-1"]
[WhiteElo "1286"]
[BlackElo "2531"]
[TimeControl "300"]
[EndTime "14:48:37 PDT"]
[Termination "LL220284LL won by resignation"]

1. d4 c6 2. e4 Nf6 3. Nc3 d6 4.
Nf3 g6 5. Bg5 Bg7 6. Be2 b5 7. a3 Bb7 8. O-O h6 9. Be3 O-O 10. Qd2 Kh7 11. b4 Nbd7 12. Rad1 a5 13. Nb1 Nxe4 14. Qd3 Ndf6 15. Nfd2 Nxd2 16. Qxd2 axb4 17.
axb4 Ra2 18. Nc3 Ra3 19. Nb1 Ra1 20. Nc3 Rxd1 21. Rxd1 Qc8 22. Bf3 Qf5 23. Ne2 Ra8 24.
Ng3 Qd7 25. c3 Ra3 26. Qb2 Ra4 27. Re1 Qd8 28. Bd1 Ra7 29. Bb3 Bc8 30. Bxf7 e6 31. Qc2 Rxf7 32. Ne2 Ng4 33. Nf4 Qf6 34. h3 Nxe3 35. fxe3 e5 36. Nh5 Qh4 37. Nxg7 Qxe1+ 38. Kh2 Kxg7 0-1

[Event "Live Chess"]
[Site "Chess.com"]
[Date "2024.06.01"]
[Round "-"]
[White "ogpin"]
[Black "WorcesterYork"]
[Result "0-1"]
[WhiteElo "2200"]
[BlackElo "2480"]
[TimeControl "300"]
[EndTime "14:49:09 PDT"]
[Termination "WorcesterYork won by resignation"]

1. a4 e5 2. Ra3 Bxa3 3. Nxa3 h5 4. b3 h4 5. Bb2 Nc6 6. Nc4 d6 7. h3 Be6 8. e3 Nge7 9. Nf3 Ng6 10. d4 exd4 11.
Nxd4 Nxd4 12. Qxd4 f6 13. Qe4 Kf7 14. Bd3 Ne5 15.
Nxe5+ dxe5 16. Qg6+ Kg8 17. O-O Qd7 18. Rd1 Rh6 19.
Qe4 c6 20. Qf3 Qf7 21. a5 Rd8 22. a6 Bd5 23. e4 Be6 24. axb7 Qxb7 25. Kh2 Qf7 26. Ra1 Rd7 27. Bc1 Rg6 28. Be3 Rc7 29. Bc5 Qd7 30. Qe3 Rh6 31. Bxa7 Rh8 32. Bb6 Rb7 33.
Bc5 Kf7 34. Rf1 g5 35. f3 Ra8 36. Rd1 Qe8 37. Be2 Rd7 38. Rxd7+ Qxd7 39. Qd3 Qxd3 40. Bxd3 Ra1 41. g3 hxg3+ 42. Kxg3 Rh1 43. Kg2 Rxh3 44. c4 Rh8 45. b4 Rd8 46. Bf1 Rd2+ 47. Kg3 Rc2 48. b5 Bxc4 49. b6 Bxf1 50. b7 Rb2 0-1

[Event "Live Chess"]
[Site "Chess.com"]
[Date "2024.06.01"]
[Round "-"]
[White "Ferrarifan27"]
[Black "grillage"]
[Result "1-0"]
[WhiteElo "2092"]
[BlackElo "1868"]
[TimeControl "300"]
[EndTime "14:49:20 PDT"]
[Termination "Ferrarifan27 won by resignation"]

1. e4 d5 2. exd5 Qxd5 3. Nc3 Qd8 4. d4 Nf6 5. Nf3 Bg4 6. Be2 e6 7. O-O c6 8. Re1 Be7 9. h3 Bxf3 10. Bxf3 O-O 11.
Bf4 Bd6 12. Qd2 Bxf4 13. Qxf4 Nbd7 14. Rad1 Nb6 15. b3 Nbd5 16. Nxd5 Nxd5 17. Qg3 Qf6 18.
c4 Nb6 19. Re4 g6 20. Rf4 Qg7 21. d5 cxd5 22. cxd5 Nxd5 23. Bxd5 exd5 24. Rxd5 Rad8 25. Rxd8 Rxd8 26. Kh2 Qe5 27. a4 Rd2 28. Rb4 Qxg3+ 29. Kxg3 b6 30. f3 Kg7 31. Rc4 Rd3 32. b4 Ra3 33. b5 h5 34. Kf4 Ra2 35. g3 Ra3 36. h4 Kf6 37. g4 hxg4 38. fxg4 Ra1 39. g5+ Kg7 40. Ke5 Ra3 41. Kd6 f6 42. Rc7+ Kf8 43.
Rxa7 fxg5 44. hxg5 Rg3 45. Ke6 Rxg5 46. Kf6 Rf5+ 47.
Kxg6 Rf4 48. Kg5 Rb4 49. Kf6 Ke8 50. Ke6 Kd8 51. Kd6 Rc4 52. Ra8+ Rc8 53. Rxc8+ Kxc8 54.
Kc6 1-0

[Event "Live Chess"]
[Site "Chess.com"]
[Date "2024.06.01"]
[Round "-"]
[White "Pandreq"]
[Black "ShanthamGrarks"]
[Result "1-0"]
[WhiteElo "1179"]
[BlackElo "1737"]
[TimeControl "300"]
[EndTime "14:49:25 PDT"]
[Termination "Pandreq won by resignation"]

1. d4 Nf6 2. c4 e6 3. Nc3 Bb4 4. a3 Bxc3+ 5. bxc3 c5 6. Nf3 Nc6 7. Bd2 cxd4 8. cxd4 d5 9. e3 Ne4 10. cxd5 Nxd2 11. Qxd2 exd5 12. Bb5 O-O 13. O-O a6 14. Ba4 Bg4 15. Bd1 b5 16. h3 Bxf3 17. Bxf3 Na5 18. Bxd5 Qxd5 19. Qxa5 Rfc8 20. Rfc1 Rxc1+ 21. Rxc1 h6 22.
Rc5 Qb3 23. Qc3 Qb1+ 24. Qc1 Qb3 25. Rc8+ Rxc8 26. Qxc8+ Kh7 27. Qxa6 b4 28. axb4 Qxb4 29. Qd3+ g6 30. g3 Qd6 31. e4 h5 32. e5 Qd5 33.
f3 Kh6 34. Qe4 Qa2 35. d5 Qa1+ 36. Kf2 Qb2+ 37. Qe2 Qb7 38. d6 g5 39. Qd2 Qb6+ 40. Kg2 Qd8 41. f4 g4 42. f5+ Kh7 43. h4 Qa8+ 44. Kh2 Qa1 45. d7 Qf1 46. Qg2 Qd3 47. e6 fxe6 48. fxe6 Kg6 49. Qf2 Qd6 50. Qf7+ Kh6 51.
Qf4+ Qxf4 52. gxf4 1-0

[Event "Live Chess"]
[Site "Chess.com"]
[Date "2024.06.01"]
[Round "-"]
[White "Plato_77"]
[Black "lyricalschemes"]
[Result "0-1"]
[WhiteElo "1353"]
[BlackElo "2460"]
[TimeControl "300"]
[EndTime "14:49:28 PDT"]
[Termination "lyricalschemes won by resignation"]

1. d4 Nf6 2. Bf4 d5 3. Nf3 e6 4.
e3 c5 5. c3 Nc6 6. Nbd2 Bd6 7.
dxc5 Bxc5 8. Nb3 Bd6 9. Bxd6 Qxd6 10. Be2 e5 11. O-O O-O 12. Qc2 Bg4 13. Rad1 Rad8 14.
h3 Bh5 15. Ng5 Bg6 16. Qd2 h6 17. Nf3 Ne4 18. Qc1 Qe7 19. Nbd2 Nf6 20. a4 d4 21. exd4 exd4 22. cxd4 Qxe2 23. Rfe1 Qa6 24. Ne5 Nxd4 25. Nxg6 fxg6 26. Re7 Ne2+ 0-1

[Event "Live Chess"]
[Site "Chess.com"]
[Date "2024.06.01"]
[Round "-"]
[White "e4evr"]
[Black "RichardABates"]
[Result "1/2-1/2"]
[WhiteElo "2270"]
[BlackElo "2235"]
[TimeControl "300"]
[EndTime "14:49:35 PDT"]
[Termination "Game drawn by repetition"]

1. c4 g6 2. g3 Bg7 3. Bg2 Nf6 4.
Nc3 O-O 5. e4 c5 6. Nge2 Nc6 7. O-O d6 8. Rb1 a6 9. a3 Bg4 10. f3 Bd7 11. d3 Ne8 12. Be3 Nd4 13.
b4 Nc7 14. Qd2 Nce6 15. Bh6 cxb4 16. Rxb4 Qa5 17. Bxg7 Kxg7 18. Rxb7 Nxe2+ 19. Qxe2 Qxc3 20. Rxd7 Rfe8 21. Rb1 Qxa3 22. Qb2+ Qxb2 23. Rxb2 a5 24. Bf1 a4 25. Rdb7 a3 26. Ra2 Nd4 27. Kf2 e5 28.
Be2 Ra5 29. Bd1 Kf6 30. Ke3 Ke6 31. Kd2 Re7 32. Rxe7+ Kxe7 33. Kc3 f5 34. Kb4 Nc6+ 35. Kb3 Nd4+ 36. Kb4 Nc6+ 37. Kc3 Nd4 38. f4 fxe4 39. dxe4 Kf6 40. Kb4 Nc6+ 41. Kb3 Nd4+ 42. Kb4 Nc6+ 43. Kb3 Nd4+ 44. Kb4 1/2-1/2

[Event "Live Chess"]
[Site "Chess.com"]
[Date "2024.06.01"]
[Round "-"]
[White "StoreySniper"]
[Black "GEMdzq"]
[Result "1-0"]
[WhiteElo "2533"]
[BlackElo "2310"]
[TimeControl "300"]
[EndTime "14:49:45 PDT"]
[Termination "StoreySniper won by resignation"]

1. c4 e5 2. g3 d5 3. cxd5 Qxd5 4. Nf3 Nc6 5. Nc3 Qc5 6. Bg2 Nf6 7. O-O Bf5 8. d3 Be7 9. Be3 Qd6 10. Qb3 O-O 11. Nh4 Bd7 12. Rfc1 Ng4 13. Nb5 Na5 14. Nxd6 Nxb3 15.
axb3 Nxe3 16. fxe3 Bxd6 17. Bxb7 Rab8 18. Rxa7 Bc8 19.
Bd5 g6 20. Nf3 h6 21. Nd2 Be6 22. Bxe6 fxe6 23. Kg2 Rf7 24. Rf1 Rxf1 25. Kxf1 Bc5 26. Rxc7 Bxe3 27. Nc4 Bd4 28. e3 Bb6 29. Rc6 Bd8 30.
Rxe6 Kf7 31. Rxe5 Rxb3 32. Rd5 Bf6 33. d4 Rb4 34. Rc5 Be7 35. Rc6 Ke8 36. d5 g5 37. Ke2 h5 38. Kd3 Kd7 39. Kc3 Rb8 40. e4 Rf8 41. e5 Rf3+ 42. Kd4 Rf1 43. e6+ Kd8 44. d6 Bf6+ 45. Kd3 Rf3+ 46. Ke4 Rf1 47.
e7+ Kd7 48. Rc7+ 1-0

[Event "Live Chess"]
[Site "Chess.com"]
[Date "2024.06.01"]
[Round "-"]
[White "vincents82"]
[Black "MellowAesthetic"]
[Result "0-1"]
[WhiteElo "2079"]
[BlackElo "2076"]
[TimeControl "300"]
[EndTime "14:49:48 PDT"]
[Termination "MellowAesthetic won by checkmate"]

1. e4 c5 2. Nf3 d6 3. d4 c4 4.
Bxc4 Nf6 5. Nc3 Nc6 6. O-O Bg4 7.
Be3 d5 8. exd5 Nb4 9. h3 Bf5 10. Ne5 a6 11. a3 Nbxd5 12. Nxd5 Nxd5 13. Bxd5 Qxd5 14. c4 Qd8 15. Qf3 Qc8 16. d5 e6 17.
Nxf7 Kxf7 18. g4 Qxc4 19. gxf5 Qxd5 20. fxe6+ Kxe6 21. Qg4+ Qf5 22. Qc4+ Qd5 23. Qe2 Kf7 24. Rfd1 Qe6 25. Qf3+ Kg8 26. Qxb7 Re8 27. Rac1 h5 28.
Qg2 h4 29. Rc6 Qb3 30. Bd4 Qxd1+ 31. Kh2 Qxd4 32. Rg6 Bd6+ 33. Kh1 Re1+ 34. Qg1 Qe4+ 35. Rg2 Rxg1+ 36. Kxg1 Qe1# 0-1

[Event "Live Chess"]
[Site "Chess.com"]
[Date "2024.06.01"]
[Round "-"]
[White "crais6"]
[Black "dmitro74"]
[Result "0-1"]
[WhiteElo "1616"]
[BlackElo "1747"]
[TimeControl "300"]
[EndTime "14:50:05 PDT"]
[Termination "dmitro74 won by resignation"]

1. d4 d5 2. Nf3 Nf6 3. e3 e6 4. Bd3 c5 5. b3 a6 6. Bb2 b5 7. c4 dxc4 8. bxc4 bxc4 9. Bxc4 cxd4 10. Bxd4 Bb4+ 11. Nbd2 O-O 12. O-O Bb7 13. Rb1 Qe7 14. Bxf6 gxf6 15. Qb3 Nc6 16. a3 Bxd2 17. Nxd2 Rab8 18. Qa2 Ne5 19. Be2 Bd5 20. Qc2 Rbc8 21. Qb2 Kh8 22. Qd4 Rg8 23. e4 Ba8 24. f4 Ng4 25. Nf3 Rgd8 26. Qb6 Bxe4 27. Rb4 f5 28. h3 Nf6 29. Ne5 Nd5 30. Qd4 f6 31. Ng4 Nxb4 32. Qxf6+ Qxf6 33. Nxf6 Nc2 34. Bxa6 Ra8 0-1

[Event "Live Chess"]
[Site "Chess.com"]
[Date "2024.06.01"]
[Round "-"]
[White "Queensandpawns"]
[Black "gmnorfolk"]
[Result "1-0"]
[WhiteElo "2381"]
[BlackElo "2104"]
[TimeControl "300"]
[EndTime "14:50:12 PDT"]
[Termination "Queensandpawns won by resignation"]

1. e4 c5 2. d4 cxd4 3. c3 dxc3 4.
Bc4 Nc6 5. Nf3 e6 6. O-O a6 7. Nxc3 b5 8. Bb3 d6 9. Re1 Nf6 10. Bg5 Be7 11. Nd5 exd5 12. exd5 Nb8 13. Qe2 Ra7 14.
Rac1 O-O 15. Qe3 Bg4 16. Qxa7 Bxf3 17. Qxe7 Qxe7 18. Rxe7 Nbd7 19. gxf3 1-0

[Event "Live Chess"]
[Site "Chess.com"]
[Date "2024.06.01"]
[Round "-"]
[White "agamilewska"]
[Black "KeithArkell"]
[Result "0-1"]
[WhiteElo "1772"]
[BlackElo "2416"]
[TimeControl "300"]
[EndTime "14:50:19 PDT"]
[Termination "KeithArkell won by resignation"]

1. d4 e6 2. c4 Bb4+ 3. Nc3 c5 4.
e3 Bxc3+ 5. bxc3 f5 6. Nf3 Nf6 7. Be2 d6 8. O-O Nc6 9. Ba3 b6 10. Rb1 e5 11. dxe5 dxe5 12. Qxd8+ Kxd8 13. Rfe1 Ke7 14.
Rbd1 Be6 15. Ng5 Ne4 16. Nxe4 fxe4 17. f3 Na5 18. fxe4 Bxc4 19. Bxc4 Nxc4 20. Bc1 Rad8 21. Rd5 Rxd5 22. exd5 e4 23. Rf1 Rf8 24. Rxf8 Kxf8 25. Kf2 Ke7 26. Kg3 g5 27. Kg4 Kf6 28. g3 Kg6 29. h4 h5+ 30. Kh3 g4+ 31. Kg2 Kf5 32.
Kf2 Ke5 33. Ke2 Kxd5 34. Kd1 Ne5 35. Kc2 Kc4 36. a4 Nd3 37. Ba3 Nf2 0-1

[Event "Live Chess"]
[Site "Chess.com"]
[Date "2024.06.01"]
[Round "-"]
[White "asingardenof"]
[Black "GrahamCuthbert"]
[Result "0-1"]
[WhiteElo "616"]
[BlackElo "1026"]
[TimeControl "300"]
[EndTime "14:50:28 PDT"]
[Termination "GrahamCuthbert won by checkmate"]

1. d4 d5 2. c4 Nf6 3. Nc3 Nc6 4. Nf3 Bg4 5. e3 e6 6. Be2 Be7 7. b3 Bb4 8. Bd2 O-O 9. O-O Ne4 10. Nxe4 dxe4 11. Nh4 Bxe2 12. Qxe2 Qxh4 13. Bxb4 Nxb4 14. a3 Nd3 15. g3 Qg5 16. f3 f5 17. fxe4 fxe4 18.
Rxf8+ Rxf8 19. Rf1 Rxf1+ 20. Qxf1 Qxe3+ 21. Kh1 Qf3+ 22. Qxf3 exf3 23. Kg1 f2+ 24. Kf1 Kf7 25. c5 Kf6 26. b4 e5 27. d5 e4 28. d6 cxd6 29. cxd6 Ke6 30. d7 Kxd7 31. g4 g6 32. h4 h5 33.
gxh5 gxh5 34. a4 e3 35. b5 e2+ 36. Kxe2 Nc5 37. a5 a6 38. b6 Nb3 39. Kxf2 Nxa5 40. Kf3 Kc6 41. Kf4 Nc4 42. Kg5 Ne5 43. Kxh5 Nf7 44. Kg6 Ne5+ 45. Kg5 Kd7 46. h5 Nf7+ 47. Kf6 Ke8 48. Kg6 a5 49. h6 Nxh6 50. Kxh6 a4 51. Kg6 a3 52. Kf6 a2 53. Ke6 a1=Q 54. Kd6 Qa6 55. Kc7 Ke7 56. Kc8 Qxb6 57. Kb8 Qe3 58. Kxb7 Qc5 59. Kb8 Qc6 60. Ka7 Kd6 61. Kb8 Qd7 62. Ka8 Kc6 63. Kb8 Qb7# 0-1

[Event "Live Chess"]
[Site "Chess.com"]
[Date "2024.06.01"]
[Round "-"]
[White "dhairyapandyauk"]
[Black "Mangoalo"]
[Result "1-0"]
[WhiteElo "1654"]
[BlackElo "1063"]
[TimeControl "300"]
[EndTime "14:50:48 PDT"]
[Termination "dhairyapandyauk won by resignation"]

1. e4 Nc6 2. d4 d5 3. exd5 Qxd5 4. Nf3 Bg4 5. Be2 Nf6 6. h3 Bxf3 7. Bxf3 Qd7 8. d5 Ne5 9. Nc3 O-O-O 10. Be3 Nxf3+ 11. Qxf3 e5 12. O-O-O Bb4 13. Bg5 Bxc3 14. Qxc3 Nxd5 15. Qxe5 f6 16. Qg3 fxg5 17. c4 c6 18. cxd5 cxd5 19. Kb1 Rhe8 20. Rc1+ 1-0

[Event "Live Chess"]
[Site "Chess.com"]
[Date "2024.06.01"]
[Round "-"]
[White "KnightStripes"]
[Black "lestmak"]
[Result "1-0"]
[WhiteElo "905"]
[BlackElo "530"]
[TimeControl "300"]
[EndTime "14:51:00 PDT"]
[Termination "KnightStripes won by resignation"]

1. e4 c6 2. Nf3 d5 3. exd5 cxd5 4. c3 Bg4 5. d4 Nc6 6. Be2 e6 7. O-O Nf6 8. Ne5 Bd6 9. Bf4 Bxe2 10. Qxe2 Nxe5 11. dxe5 Ne4 12. exd6 O-O 13. Nd2 Nxd6 14. Nf3 Nf5 15. Qb5 b6 16. Ne5 Nd6 17. Qd3 f6 18.
Nc6 Qc7 19. Nd4 e5 20. Ne6 Qc4 21. Qxc4 Nxc4 22. Nxf8 exf4 23. Ne6 Re8 24. Nxf4 Re2 25. Nxe2 1-0

[Event "Live Chess"]
[Site "Chess.com"]
[Date "2024.06.01"]
[Round "-"]
[White "BishopofWells"]
[Black "degringolade64"]
[Result "1-0"]
[WhiteElo "1553"]
[BlackElo "2114"]
[TimeControl "300"]
[EndTime "14:51:13 PDT"]
[Termination "BishopofWells won by resignation"]

1. d4 Nf6 2. c4 e6 3. a3 c5 4. d5 exd5 5. cxd5 d6 6. Nc3 g6 7. e4 Bg7 8. Nf3 O-O 9. Bd3 Bg4 10.
O-O Nbd7 11. h3 Bxf3 12. Qxf3 Ne5 13. Qe2 Nxd3 14. Qxd3 Nd7 15. Bf4 Ne5 16. Qd2 a6 17.
Rab1 b5 18. Bg5 Qb6 19. Kh1 Rfe8 20. Bh6 Nc4 21. Qg5 Qd8 22. Qxd8 Raxd8 23. Bc1 b4 24.
axb4 cxb4 25. Na2 a5 26. b3 Ne5 27. f3 Rc8 28. Be3 Rc2 29. Nc1 Ra8 30. Rf2 Rxf2 31.
Bxf2 Nd7 32. Ne2 Rc8 33. Rc1 Rxc1+ 34. Nxc1 Bb2 35. Nd3 Bc3 36. Kg1 a4 37. bxa4 b3 38.
Kf1 b2 39. Nxb2 Bxb2 40. Ke2 Ba3 41. Kd3 Bc5 42. Be1 h5 43. Kc4 Kg7 44. Kb5 Kf6 45.
Kc6 Ne5+ 46. Kc7 Nc4 47. a5 Bb6+ 48. axb6 Nxb6 49. Kxb6 Ke5 50. Kc6 Kf4 1-0

[Event "Live Chess"]
[Site "Chess.com"]
[Date "2024.06.01"]
[Round "-"]
[White "booktrunk"]
[Black "Mikhail_Golubev"]
[Result "1-0"]
[WhiteElo "1437"]
[BlackElo "2586"]
[TimeControl "300"]
[EndTime "14:51:18 PDT"]
[Termination "booktrunk won on time"]

1. d4 g6 2. Nc3 d5 3. Bf4 Bg7 4.
Nf3 Nf6 5. Nb5 Na6 6. e3 c6 7. Nc3 Nc7 8. Be2 O-O 9. O-O Bf5 10. Nh4 Bd7 11. h3 Ne6 12. Bh2 Ne4 13. Nxe4 dxe4 14. c3 Bf6 15. Bg3 Ng7 16. f3 Nh5 17. Qe1 Nxg3 18. Qxg3 e6 19. fxe4 Bxh4 20. Qf3 Qe7 21. e5 c5 22. Bd3 b5 23. b3 b4 24. c4 Rad8 25. dxc5 Qxc5 26. Qe4 Be7 27. Rad1 Bc6 28. Qf4 Rd7 29. Be4 Bxe4 30. Qxe4 Rfd8 31. Rxd7 Rxd7 32. Qa8+ Bf8 33. Qe4 h5 34. Re1 Bg7 35. Qf4 Bxe5 36. Qe4 f5 37. Qa8+ Kf7 38. Qf3 h4 39. Qe2 Bg3 40. Rf1 e5 41. Rf3 e4 42. Rf1 Rd3 43. Kh1 Rxe3 44. Qd1 Rd3 45. Qc1 Qd4 46. Qb1 Rd2 47. Qc1 e3 48. Qb1 e2 49. Rxf5+ gxf5 50. Qxf5+ Ke7 51. Qg5+ Kd6 52. Qg6+ 1-0

[Event "Live Chess"]
[Site "Chess.com"]
[Date "2024.06.01"]
[Round "-"]
[White "WorcesterYork"]
[Black "JohanKjeldahl"]
[Result "1-0"]
[WhiteElo "2481"]
[BlackElo "1877"]
[TimeControl "300"]
[EndTime "14:51:34 PDT"]
[Termination "WorcesterYork won by resignation"]

1. d4 Nf6 2. Nc3 e6 3. e4 Bb4 4. e5 Nd5 5. Qg4 O-O 6. Bh6 g6 7. Bxf8 Qxf8 8. Ne2 c5 9. a3 Ba5 10. dxc5 Qxc5 11. b4 Bxb4 12. axb4 Nxb4 13. Qe4 N8c6 14.
f4 Nd4 15. Nxd4 Qxd4 16. Qxd4 Nxc2+ 17. Kd2 Nxd4 18. Rb1 b6 19. Ke3 Nf5+ 20. Kf2 Bb7 21. Bd3 Rc8 22. Rhc1 Kg7 23. Bxf5 gxf5 24. Nb5 1-0

[Event "Live Chess"]
[Site "Chess.com"]
[Date "2024.06.01"]
[Round "-"]
[White "BearFromUkraine"]
[Black "willc-h99"]
[Result "0-1"]
[WhiteElo "1071"]
[BlackElo "2625"]
[TimeControl "300"]
[EndTime "14:51:41 PDT"]
[Termination "willc-h99 won by resignation"]

1. e4 c6 2. d4 d5 3. exd5 cxd5 4. Nc3 Nc6 5. Bb5 Nf6 6. Nf3 e6 7. a3 Bd7 8. O-O Bd6 9. h3 O-O 10. Bg5 h6 11. Bh4 a6 12. Bxc6 bxc6 13. Re1 c5 14.
dxc5 Bxc5 15. Ne5 Be7 16. Nxd7 Nxd7 17. Bxe7 Qxe7 18. Qe2 Qf6 19. Rad1 Rfb8 20. Rb1 Nb6 21.
Nd1 Nc4 22. b3 Nxa3 23. Rc1 Nb5 24. Ne3 Nc3 25. Qf3 Qxf3 26. gxf3 a5 27. Nd1 Rc8 28.
Nxc3 Rxc3 29. Re3 Rac8 30. Rxc3 Rxc3 31. Kf1 Rxf3 32. h4 Rh3 33. Ra1 Rh1+ 34. Kg2 Rxa1 0-1

[Event "Live Chess"]
[Site "Chess.com"]
[Date "2024.06.01"]
[Round "-"]
[White "GerardATHart"]
[Black "f4nomore"]
[Result "0-1"]
[WhiteElo "1391"]
[BlackElo "1248"]
[TimeControl "300"]
[EndTime "14:51:45 PDT"]
[Termination "f4nomore won by resignation"]

1. e4 g6 2. d4 Bg7 3. c4 d6 4.
Nc3 Nf6 5. Nf3 O-O 6. Be3 Nbd7 7. Qd2 Ng4 8. O-O-O Nxe3 9. Qxe3 Nf6 10. Bd3 Ng4 11.
Qe2 e5 12. d5 Qf6 13. h3 Nh6 14. g4 Qf4+ 15. Kc2 f5 16. Rdg1 fxg4 17. hxg4 Qxf3 18.
Qxf3 Rxf3 19. g5 Rxf2+ 20. Kc1 Ng4 21. Rh4 Bd7 22. Rgh1 h5 23. gxh6 Nxh6 24. Be2 Raf8 25. Rxh6 Bxh6+ 26. Rxh6 Kg7 27. Rh4 Rh8 28. Rxh8 Kxh8 29. Kd1 Rh2 30. Ke1 Kg7 31. Nd1 Rh4 32.
Nf2 c6 33. Kf1 Rf4 34. Kg2 cxd5 35. cxd5 b6 36. Kg3 a5 37. Bf3 Rf8 38. Nh3 Bxh3 0-1